 Dungeon Crawl Stone Soup version bcrawl-1.13-2-g5ca86534bc (webtiles) character file.

Game seed: 14109887920093708471

80 BinkBink the Ducker (level 4, -1/34 HPs)
             Began as a Demonspawn Gladiator on July 31, 2019.
             Slain by a worker ant (3 damage)
             ... on level 2 of the Dungeon.
             The game lasted 00:01:43 (1060 turns).

BinkBink the Ducker (Demonspawn Gladiator)          Turns: 1060, Time: 00:01:43

Health: -1/34      AC:  4    Str: 14 (15) XL:     4   Next: 18%
Magic:  4/4        EV: 19    Int:  6 (9)  God:
Gold:   44         SH:  1    Dex: 19 (20) Spells: 3/3 levels left

rFire    . . .     SeeInvis .   a - +0 long sword
rCold    . . .     Gourm    .   (no shield)
rNeg     . . .     Faith    .   b - +0 leather armour
rPois    .         Spirit   .   c - +0 helmet
rElec    .         Reflect  .   (no cloak)
rCorr    .         Harm     .   (no gloves)
MR       .....                  (no boots)
Stlth    ++........             (no amulet)
HPRegen  0.11/turn              (no ring)
MPRegen  0.09/turn              (no ring)

@: agile, lethally poisoned (-1 -> -5)
A: powered by pain 2
a: no special abilities


You were on level 2 of the Dungeon.
You were hungry.

You visited 1 branch of the dungeon, and saw 2 of its levels.

You collected 44 gold pieces.

Inventory:

Hand Weapons
 a - a +0 long sword (weapon)
Missiles
 d - 3 throwing nets (quivered) {!f}
Armour
 b - a +0 leather armour (worn)
 c - a +0 helmet (worn)
Jewellery
 e - a cursed ring of attention {unknown}
 j - a +3 ring of strength {unknown}
Scrolls
 h - 4 scrolls of identify {unknown}
 i - a scroll of fear {unknown}
 n - a scroll of teleportation {unknown}
Potions
 m - a potion of haste {unknown}
 o - a potion of cancellation {unknown}
Comestibles
 f - 2 rations {!d}


   Skills:
 + Level 2.5 Fighting
 + Level 3.3 Long Blades
 + Level 2.0 Throwing
 + Level 0.7 Armour
 + Level 3.4 Dodging
 + Level 0.1 Stealth


You had 3 spell levels left.
You didn't know any spells.
Your spell library was empty.

Dungeon Overview and Level Annotations

Branches:
Dungeon (2/12)

Altars:


Innate Abilities, Weirdness & Mutations

You sometimes gain power by taking damage.


Message History

The worker ant poisons you! The worker ant barely misses you.
You hit the worker ant but do no damage.
The worker ant is lightly wounded.
* * * LOW HITPOINT WARNING * * *
You feel sick. The worker ant barely misses you.
You barely miss the worker ant.
The worker ant is lightly wounded.
* * * LOW HITPOINT WARNING * * *
You feel sick. The worker ant misses you. The worker ant completely misses you.
It was a potion of agility.
You feel agile all of a sudden. The worker ant barely misses you.
It was a potion of magic.
Magic courses through your body.
* * * LOW HITPOINT WARNING * * *
You feel sick. The worker ant misses you.
It was a potion of degeneration.
There was something very wrong with that liquid.
You feel weakened.
You feel dopey.
You feel clumsy. The worker ant bites you.
You die...

###.##### #.# #.#
#.# #<# # ####.# ##
# #....# ##.
#.#########...####..
#a@.†......†....'..
##†#######...####..
#.## #...## ##. ..#
#.### ## #.# #.# #
#. #.# # #.# #.# #
#.# #


You could see a worker ant.

Vanquished Creatures
  A worker ant (D:2)
  An adder (D:2)
  3 oozes
  A worm (D:1)
  A leopard gecko (D:1)
  A ball python (D:1)
  4 bats
  A giant cockroach (D:1)
  6 goblins
  A hobgoblin (D:2)
  5 jackals (D:2)
  A kobold (D:1)
  2 quokkas
  A frilled lizard (D:2)
  4 rats
33 creatures vanquished.

Notes
Turn   | Place    | Note
-------+----------+-------------------------------------------
     0 | D:1      | BinkBink the Demonspawn Gladiator began the quest for the
                  | Orb.
     0 | D:1      | Reached XP level 1. HP: 16/16 MP: 1/1
   257 | D:1      | Gained mutation: You sometimes gain a little power by
                  | taking damage. [demonic ancestry]
   257 | D:1      | Reached XP level 2. HP: 19/22 MP: 2/2
   593 | D:1      | Gained mutation: You sometimes gain power by taking damage.
                  | [demonic ancestry]
   593 | D:1      | Reached XP level 3. HP: 25/27 MP: 3/3
   965 | D:2      | Reached XP level 4. HP: 21/34 MP: 4/4
  1060 | D:2      | Slain by a worker ant

Skill      XL: |  1  2 |
---------------+-------+-----
Dodging        | 3 |  3.4
Long Blades    | 3 |  3.3
Throwing       | 2 |  2.0
Fighting       | |  2.5
Armour         | |  0.7
Stealth        | |  0.1

Action                   |  1- 3 |  4- 6 || total
-------------------------+-------+-------++-------
Melee: Long sword        |    72 |    15 ||    87
  Use: Potion            |       |     3 ||     3
Armor: Leather armour    |    10 |     2 ||    12
Dodge: Dodged            |    54 |    23 ||    77
Block: Other             |     1 |     1 ||     2
